 Dungeon Crawl Stone Soup version 0.30.0-18-gc0e69614cb (webtiles) character file.

Game seed: 3905036354594308879

495 olmar the Cudgeller (level 7, -29/148 HPs)
             Began as a Naga Fighter on May 24, 2023.
             Killed by an exploding black bear (39 damage)
             ... ignited by their inner flame
             ... on level 5 of the Dungeon.
             The game lasted 00:05:35 (4159 turns).

olmar the Cudgeller (Naga Fighter)                  Turns: 4159, Time: 00:05:36

Health: -29/148    AC: 23    Str: 21    XL:     7   Next: 15%
Magic:  7/7        EV:  1    Int:  8    God:
Gold:   261        SH:  9    Dex: 10    Spells: 6/6 levels left

rFire   . . .        a - +0 flail
rCold   . . .        d - +1 kite shield
rNeg    . . .        b - melded +0 scale mail
rPois   +            (helmet currently unavailable)
rElec   .            (cloak currently unavailable)
rCorr   .            (gloves currently unavailable)
SInv    +            (no barding)
Will    .....        (no amulet) Stlth
                     (no ring)
HPRegen 0.44/turn    (no ring)
MPRegen 0.10/turn

%: no passive effects
@: brilliant, berserking, tree-form (expiring), very quick
A: stationary, stasis, torment immunity, boosted hp, AC +2, large, see
invisible, (deformed body), (poison resistance), (slowness 2), spit poison 1,
(naga tail 1)
a: Spit Poison


You were on level 5 of the Dungeon.
You were a tree.
You visited 1 branch of the dungeon, and saw 5 of its levels.

You collected 261 gold pieces.

Inventory:

Hand Weapons
 a - a +0 flail (weapon)
Armour
 b - a +0 scale mail (melded)
 c - a +0 buckler
 d - a +1 kite shield (worn)
Scrolls
 m - a scroll of amnesia
 n - a scroll of enchant armour
Potions
 g - a potion of haste
 k - a potion of ambrosia {unknown}
 l - a potion of flight


   Skills:
 + Level 4.5 Fighting
 + Level 5.7 Maces & Flails
 - Level 2.8 Armour
 - Level 0.1 Dodging
 + Level 1.6 Stealth
 + Level 3.4 Shields


You had 6 spell levels left.
You didn't know any spells.
Your spell library contained the following spells:

 Spells                   Type           Power      Damage    Failure   Level
 Shock                    Conj/Air       0%         1d3       71%         1
 Dazzling Flash           Conj/Hex       0%         N/A       97%         3
 Swiftness                Air            0%         N/A       97%         3
 Airstrike                Air            0%         2d(0-16)  100%        4
 Agony                    Necr           0%         N/A       100%        5
 Silence                  Hex/Air        0%         N/A       100%        5


Dungeon Overview and Level Annotations

Branches:
Dungeon (5/15)             Temple (0/1) D:5

Altars:
Okawaru
Yredelemnul

Annotations:
D:4 1 runed translucent door, Crazy Yiuf


Innate Abilities, Weirdness & Mutations

You are a tree.
Your roots penetrate the ground, keeping you stationary.
You cannot be teleported.
You are immune to unholy pain and torment.
Your maximum health is greatly increased.
Your equipment is partially melded.
((Your serpentine skin is tough. (AC +2)))
You have supernaturally acute eyesight. (SInv)
((Armour fits poorly on your strangely shaped body.))
((Your system is resistant to poisons. (rPois)))
((You cover ground very slowly.))
You can spit poison.
((You have a snake-like lower body.))


Message History

The adder bites you but does no damage. You block the black bear's attack.
The black bear claws you.
The black bear claws you but does no damage.
The black bear bites you but does no damage.
The black bear claws you but does no damage. x2
Unknown command.
Unknown command.
It was a potion of berserk rage.
A red film seems to cover your vision as you go berserk!
You feel yourself moving faster!
You feel mighty!
The adder bites you but does no damage. x2; You block the black bear's attack.
The black bear claws you but does no damage. x2
The adder bites you but does no damage. You block the black bear's attack.
The black bear claws you but does no damage. x2
You block the black bear's attack.
The black bear claws you but does no damage.
The black bear barely misses you.
Unknown command.
Unknown command.
You sock the black bear!
Flame seeps out of the black bear.
The black bear is severely wounded.
The adder bites you but does no damage. You block the adder's attack.
You sock the black bear!
Flame seeps out of the black bear.
The black bear is moderately wounded.
You have got your breath back.
The black bear is engulfed in blazing flames.
The black bear explodes!
The fiery explosion engulfs the black bear!!
The fiery explosion engulfs you!
The fiery explosion engulfs the adder!!
The adder explodes!
The fiery explosion engulfs the black bear!!
The fiery explosion engulfs you!!
* * * LOW HITPOINT WARNING * * *
The fiery explosion engulfs the adder!!
The adder explodes!
The fiery explosion engulfs you.
* * * LOW HITPOINT WARNING * * *
The black bear explodes!
The fiery explosion engulfs you!!!
You die...

*,..≈§.......≈≈§§§#.##...
*..≈≈≈..._..§≈≈≈..'.#####
*...§≈§§.....≈§..§### #
*#...≈≈...§.§≈...#* #
*#...§≈§§§§§§§?## *#
*#...≈§.§§...## **[
##§.§§§§§..##* *,,
##.§§§§§.##,* **,
##§♣§§.##*,***** *,
##○○§## *,,,<,* *, #####
*****,* *, *,* *, *,****,
*,,,,,, ******,
************* *,
*,,,*,,,*,,,* ***,


There were no monsters in sight!

Vanquished Creatures
  3 black bears (D:5)
  A phantom (D:5)
  A scorpion (D:4)
  A hound (D:5)
  An orc priest (D:3)
  An iguana (D:4)
  An orc wizard (D:3)
  10 gnolls
  6 adders
  An ufetubus (D:4)
  2 worms
  4 dart slugs
  9 orcs
  11 ball pythons
  5 bats
  8 endoplasms
  4 giant cockroaches
  8 goblins
  7 hobgoblins
  3 jackals (D:1)
  5 kobolds
  2 quokkas
  3 frilled lizards
  7 rats
104 creatures vanquished.

Notes
Turn   | Place    | Note
-------+----------+-------------------------------------------
     0 | D:1      | olmar the Naga Fighter began the quest for the Orb.
     0 | D:1      | Reached XP level 1. HP: 21/21 MP: 1/1
    80 | D:1      | Reached XP level 2. HP: 19/28 MP: 2/2
   560 | D:1      | Reached XP level 3. HP: 33/34 MP: 3/3
   974 | D:2      | Reached skill level 1 in Stealth
   989 | D:2      | Reached XP level 4. HP: 42/42 MP: 4/4
  1217 | D:2      | Found a basalt altar of Yredelemnul.
  1706 | D:3      | Reached skill level 3 in Maces & Flails
  2059 | D:3      | Reached XP level 5. HP: 45/50 MP: 5/5
  2265 | D:3      | Reached skill level 4 in Maces & Flails
  2816 | D:4      | Reached XP level 6. HP: 57/57 MP: 6/6
  2845 | D:4      | Reached skill level 5 in Maces & Flails
  3499 | D:4      | Found a runed translucent door.
  3500 | D:4      | Noticed Crazy Yiuf
  4060 | D:5      | Entered Level 5 of the Dungeon
  4136 | D:5      | Found an iron altar of Okawaru.
  4136 | D:5      | Noticed a black bear
  4136 | D:5      | Noticed a black bear
  4136 | D:5      | Noticed a black bear
  4152 | D:5      | Reached XP level 7. HP: 14/66 MP: 7/7
  4159 | D:5      | Killed by an exploding black bear... ignited by their inner
                  | flame

Illustrated notes

Levels and vault maps discovered:
D:1:      amcnicky_arrival_underground_garden, layout_basic, minmay_cupped
D:2:      layout_loops_ring, basic_altar, minmay_misc_feat_alley,
          kennysheep_small_spiral, nicolae_elevator_lobby_plus
D:3:      layout_loops_cross, minivault_24
D:4:      layout_gridville, minmay_misc_feat_more_columns,
          uniq_crazy_yiuf_cottage
D:5:      wander_river, layout_loops_ring, minmay_temple_entry_nine_rooms,
          gup_sewer_entry_spiral, kennysheep_diamond, uniq_edmund

Skill      XL: |  1  2  3  4  5  6 |
---------------+-------------------+-----
Shields        | 3 |  3.4
Stealth        | 1 |  1.6
Maces & Flails | 3 4 5 |  5.7
Fighting       | 4 |  4.5
Armour         | |  2.8
Dodging        | |  0.1

Action                     |  1- 3 |  4- 6 |  7- 9 || total
---------------------------+-------+-------+-------++-------
  Melee: Flail             |    93 |   230 |     2 ||   325
Ability: Spit Poison       |    11 |    19 |     1 ||    31
    Use: Scroll            |       |     7 |     1 ||     8
         Potion            |       |     7 |     4 ||    11
 Armour: Scale mail        |    53 |   104 |       ||   157
         Skin              |       |    14 |    37 ||    51
  Dodge: Dodged            |    32 |    93 |     1 ||   126
  Block: Buckler           |    23 |    22 |       ||    45
         Kite shield       |       |   104 |    14 ||   118
